 Dungeon Crawl Stone Soup version 0.30-a0-23-ge60ba3568b (webtiles) character file.

Game seed: 18168638616186862194

20001 ravioli the Eclecticist (level 12, -6/44 HPs)
             Began as a Felid Summoner on Aug 24, 2022.
             Was an Elder of Vehumet.
             Shot with an arrow by a centaur warrior (16 damage)
             ... on level 2 of the Orcish Mines on Aug 25, 2022.
             The game lasted 02:50:51 (53313 turns).

ravioli the Eclecticist (Felid Summoner)           Turns: 53313, Time: 02:50:53

Health: -6/44      AC:  3    Str:  4    XL:     12   Next: 41%
Magic:  21/33      EV: 22    Int: 22    God:    Vehumet [****..]
Gold:   1626       SH:  0    Dex: 16    Spells: 11/44 levels left
                                        Lives:  0   Deaths: 4

rFire   . . .      SeeInvis +    (weapon unavailable)
rCold   + . .      Faith    .    (shield unavailable)
rNeg    . . .      Spirit   .    (body armour unavailable)
rPois   .          Reflect  .    (helmet unavailable)
rElec   .          Harm     .    (cloak unavailable)
rCorr   .          Rampage  .    (gloves unavailable)
Will    +....                    (boots unavailable)
Stlth   ++........               c - amulet of regeneration
HPRegen 0.94/turn                J - ring of wizardry
MPRegen 0.23/turn                q - +4 ring of evasion

@: very slightly contaminated, quick
A: very small, claws 1, fangs 3, see invisible, speed 1, shaggy fur 3, stealthy
paws, no weapons or thrown items, no armour, multi-lived
a: Renounce Religion


You were on level 2 of the Orcish Mines.
You worshipped Vehumet.
Vehumet was greatly pleased with you.
You visited 3 branches of the dungeon, and saw 18 of its levels.

You collected 1626 gold pieces.

Inventory:

Armour
 Q - a +0 scale mail of fire resistance
Jewellery
 c - an amulet of regeneration (around neck)
 q - a +4 ring of evasion (right paw)
 J - a ring of wizardry (left paw)
 O - an amulet of the acrobat
 S - a ring of poison resistance
Wands
 g - a wand of iceblast (12)
 A - a wand of polymorph (6)
 D - a wand of light (6)
 P - a wand of flame (21)
Scrolls
 b - 2 scrolls of noise
 h - 5 scrolls of amnesia
 i - a scroll of teleportation
 j - 2 scrolls of magic mapping
 k - 2 scrolls of blinking
 n - 3 scrolls of vulnerability {unknown}
 o - a scroll of fog
 u - a scroll of brand weapon {unknown}
 y - a scroll of poison {unknown}
 z - a scroll of acquirement {unknown}
 B - a scroll of fear {unknown}
 L - a scroll of torment {unknown}
 M - a scroll of enchant armour {unknown}
Potions
 d - 3 potions of lignification
 e - 7 potions of curing
 f - 6 potions of flight
 m - 2 potions of haste {unknown}
 r - 2 potions of might {unknown}
 s - 4 potions of attraction
 t - 2 potions of brilliance {unknown}
 v - 4 potions of berserk rage {unknown}
 w - a potion of resistance {unknown}
 x - 2 potions of magic
 E - a potion of mutation {unknown}
 G - 2 potions of invisibility {unknown}
 H - 2 potions of heal wounds
 R - 2 potions of cancellation {unknown}
Miscellaneous
 I - a phantom mirror


   Skills:
 - Level 3.2 Dodging
 - Level 3.2 Stealth
 + Level 16.6 Spellcasting
 * Level 0.5 Conjurations
 - Level 7.8 Hexes
 - Level 13.5 Summonings
 * Level 4.2 Translocations
 * Level 3.0 Transmutations
 - Level 9.4 Air Magic


You had 11 spell levels left.
You knew the following spells:

 Your Spells              Type           Power      Damage    Failure   Level
a - Summon Small Mammal   Summ           100%       N/A       0%          1
b - Call Canine Familiar  Summ           67%        N/A       1%          3
c - Summon Guardian Gole  Hex/Summ       60%        N/A       1%          3
d - Summon Lightning Spi  Summ/Air       62%        N/A       1%          4
e - Irradiate             Conj/Tmut      13%        3d16      4%          5
f - Yara's Violent Unrav  Hex/Tmut       21%        3d10      1%          5
g - Mephitic Cloud        Conj/Pois/Air  32%        N/A       1%          3
h - Passage of Golubria   Tloc           37%        N/A       2%          4
i - Fireball              Conj/Fire      9%         3d6       9%          5

Your spell library contained the following spells:

 Spells                   Type           Power      Damage    Failure   Level
 Call Imp                 Summ           67%        N/A       0%          2
 Slow                     Hex            100%       N/A       1%          1
 Blink                    Tloc           74%        N/A       1%          2
 Searing Ray              Conj           40%        2d5       1%          2
 Confusing Touch          Hex            52%        N/A       1%          3
 Dazzling Flash           Conj/Hex       72%        N/A       1%          3
 Fulminant Prism          Conj/Hex       18%        3d11      1%          4
 Iskenderun's Mystic Bla  Conj/Tloc      28%        2d7       1%          4
 Silence                  Hex/Air        27%        N/A       1%          5
 Flame Wave               Conj/Fire      19%        2d7       3%          4
 Hailstorm                Conj/Ice       19%        3d6       3%          4
 Sticky Flame             Conj/Fire      19%        2d4       3%          4
 Vampiric Draining        Necr           18%        2d7       4%          3
 Ice Form                 Ice/Tmut       25%        N/A       6%          4
 Manifold Assault         Tloc           37%        N/A       6%          5
 Blade Hands              Tmut           15%        N/A       10%         5
 Animate Dead             Necr           18%        N/A       12%         4
 Borgnjor's Vile Clutch   Necr/Erth      9%         N/A       32%         5
 Starburst                Conj/Fire      9%         6d5       36%         6
 Enfeeble                 Hex            26%        N/A       38%         7
 Storm Form               Tmut/Air       22%        N/A       58%         7
 Death Channel            Necr           9%         N/A       86%         6
 Simulacrum               Ice/Necr       9%         N/A       86%         6
 Dragon Form              Tmut           15%        N/A       95%         7
 Lehudib's Crystal Spear  Conj/Erth      9%         10d4      100%        8


Dungeon Overview and Level Annotations

Branches:
Dungeon (11/15)            Temple (0/1) D:6            Lair (5/5) D:8
  Swamp (0/4) Lair:3       Spider (0/4) Lair:2        Slime (0/5) Lair:4
    Orc (2/2) D:9             Elf (0/3) Orc:2

Altars:
Fedhas
Kikubaaqudgha
Makhleb
Nemelex Xobeh
Qazlal
Ru
Sif Muna
Trog
Vehumet
Wu Jian
Yredelemnul
Zin
The Shining One
Jiyva

Shops:
D:7 [   Orc:1 :

Annotations:
D:2 1 runed translucent door, Crazy Yiuf
D:5 1 runed translucent door, Veterankin's ghost, amateur HOMo
Lair:5 exclusion: oklob plant


Innate Abilities, Weirdness & Mutations

You have sharp claws.
You have razor-sharp teeth.
You have supernaturally acute eyesight. (SInv)
You cover ground quickly. (Speed+)
Your thick and shaggy fur keeps you warm. (AC +3, rC+)
Your paws help you pounce on unaware monsters.
You are incapable of wielding weapons or throwing items.
You cannot wear armour.
You gain extra lives every three experience levels.


Message History

You miscast Irradiate.
You are very lightly contaminated with residual magic.
Nothing appears to happen.
The centaur warrior unwields a +0 shortbow.
The centaur warrior misses you. The centaur warrior closely misses you.
Casting: Irradiate (quite dangerous; 4% risk of failure)
Confirm with . or Enter, or press ? or * to list all spells.
The spell is quite dangerous to miscast (4% risk of failure)!
Continue anyway?
You erupt in a fountain of uncontrolled magic!
The centaur warrior is blasted with magical radiation!!
The centaur warrior is severely wounded.
The centaur warrior twists and deforms.
The centaur warrior hits you!
* * * LOW HITPOINT WARNING * * *
The centaur warrior completely misses you.
The centaur warrior closely misses you.
The centaur warrior completely misses you.
The centaur warrior misses you. The centaur warrior closely misses you.
The centaur warrior wields a +0 shortbow.
The centaur warrior shoots an arrow.
The arrow hits you!
* * * LOW HITPOINT WARNING * * *
You feel much better.
Casting: Irradiate (quite dangerous; 4% risk of failure)
Confirm with . or Enter, or press ? or * to list all spells.
The spell is quite dangerous to miscast (9% risk of failure)!
Continue anyway?
Aiming: Fireball (quite dangerous; 9% risk of failure)
Press: ? - help, Shift-Dir - straight line, f/p - centaur warrior
Aim: a centaur warrior, wielding a +0 shortbow (severely wounded, misshapen and mutated)
Okay, then.
Casting: Fireball (quite dangerous; 9% risk of failure)
Confirm with . or Enter, or press ? or * to list all spells.
The spell is quite dangerous to miscast (9% risk of failure)!
Continue anyway?
Okay, then.
Blink to where?
Press: ? - help, Dir - move target, p - centaur warrior
As you read the scroll labelled GURCHO VEYME, it crumbles to dust.
It was a scroll of blinking.
The centaur warrior shoots an arrow.
The arrow hits you!!
* * * LOW HITPOINT WARNING * * *
The centaur warrior shoots an arrow.
The arrow hits you!
You die...

*** *## ***,* ##.## **,,,, *##
###...# *,,,,* #* **.#*** ##.#...#
**,,** .###*..##.** #.....###
**,,** ...##.....,* *#@##...##
*...., ....[.....#* ###.#.....#
*#...##
##........####........#####.....#
#...........#........^..#.#......
.................................
....................ยง............
..................#$c............
......#...........#......<.#..#*,
.....#..........o###........#**,*


You could see a centaur warrior (misshapen).

Vanquished Creatures
  A dream sheep (Lair:5)
  An ogre (Orc:1)
  An orc (D:10)
  An endoplasm (D:3)
  A rat (D:7)
5 creatures vanquished.

Vanquished Creatures (collateral kills)
  3 two-headed ogres
  4 hydras
  3 death yaks (Lair:5)
  2 catoblepae
  Sonja (Lair:4)
  A skeletal warrior (D:11)
  A glowing orange brain (shapeshifter) (D:11)
  A wizard (D:9)
  12 elephants
  2 black mambas (Lair:5)
  8 cane toads
  A torpor snail (Lair:5)
  3 rime drakes
  6 komodo dragons
  Psyche (D:9)
  2 trolls
  3 polar bears
  11 dream sheep
  11 blink frogs
  2 wyverns
  3 wraiths
  24 yaks
  3 basilisks
  Menkaure (D:7)
  A redback (Lair:2)
  A warg (Orc:1)
  18 water moccasins
  5 large abominations (D:9)
  5 orc warriors
  An ice beast (D:7)
  A sky beast (D:6)
  2 black bears
  3 ogres (Orc:1)
  2 phantoms
  11 wolves
  4 centaurs
  3 kobold brigands
  14 bullfrogs
  A necrophage (D:5)
  A scorpion (D:4)
  6 small abominations (D:9)
  A wight (D:8)
  21 killer bees
  5 howler monkeys
  3 jellies
  5 hounds
  5 orc priests
  2 iguanas (D:5)
  13 orc wizards
  7 adders
  5 river rats (D:7)
  3 shadow imps
  2 ufetubi (D:5)
  2 worms (D:2)
  A dart slug (D:2)
  28 orcs
  8 ball pythons
  9 endoplasms
  A giant cockroach (D:3)
  11 goblins
  8 hobgoblins
  12 jackals (D:1)
  7 quokkas
  4 bats
  6 frilled lizards
  14 kobolds
  23 rats
394 creatures vanquished.

Vanquished Creatures (others)
  A centaur warrior (D:11)
  3 hydras
  A deep troll shaman (Lair:5)
  7 death yaks (Lair:5)
  2 skeletal warriors (D:11)
  A lindwurm (Lair:5)
  An ugly thing (D:11)
  A cyclops (Orc:2)
  3 elephants (Lair:5)
  A black mamba (Lair:3)
  A cane toad (Lair:1)
  A blink frog (Lair:5)
  A wyvern (D:8)
  14 yaks
  A small abomination (D:9)
  A water moccasin (Lair:1)
  An acid dragon (D:7)
  2 orc warriors (D:8)
  2 ice beasts
  3 wolves (Lair:1)
  A centaur (D:8)
  An ogre (D:6)
  2 bullfrogs
  3 wights (D:8)
  6 killer bees
  2 orc priests (D:8)
  A hell rat (D:7)
  6 orcs
  A quokka (D:6)
  A rat (D:7)
  A bush (Lair:4)
  35 fungi
  160 plants
268 creatures vanquished.

Grand Total: 667 creatures vanquished

Notes
Turn   | Place    | Note
-------+----------+-------------------------------------------
     0 | D:1      | ravioli the Felid Summoner began the quest for the Orb.
     0 | D:1      | Reached XP level 1. HP: 7/7 MP: 4/4
  1518 | D:1      | Reached XP level 2. HP: 11/11 MP: 3/6
  4313 | D:1      | Reached XP level 3. HP: 14/14 MP: 5/8
  4575 | D:1      | Learned a level 3 spell: Call Canine Familiar
  4760 | D:1      | Reached skill level 3 in Spellcasting
  4923 | D:1      | Found a faded altar of an unknown god.
  5149 | D:1      | Glimpsed the power of Zot.
  7072 | D:2      | Found a runed translucent door.
  7073 | D:2      | Noticed Crazy Yiuf
  7408 | D:3      | Reached XP level 4. HP: 15/18 MP: 6/9
  9714 | D:4      | Reached skill level 4 in Spellcasting
  9767 | D:4      | Reached XP level 5. HP: 21/21 MP: 8/12
 10216 | D:4      | Found a basalt altar of Yredelemnul.
 10718 | D:5      | Entered Level 5 of the Dungeon
 10803 | D:5      | Noticed a phantom
 11705 | D:4      | Killed a phantom
 11706 | D:4      | Reached skill level 5 in Summonings
 12294 | D:5      | Learned a level 3 spell: Summon Guardian Golem
 12525 | D:5      | Gained mutation: You are covered in thick fur. (AC +2)
                  | [Felid growth]
 12525 | D:5      | Reached XP level 6. HP: 24/24 MP: 10/14
 12590 | D:4      | Reached skill level 5 in Spellcasting
 13905 | D:6      | Found an ornate altar of the Wu Jian Council.
 13905 | D:6      | Found a burning altar of Makhleb.
 13905 | D:6      | Found a shimmering blue altar of Sif Muna.
 13905 | D:6      | Found a glowing silver altar of Zin.
 13905 | D:6      | Found a radiant altar of Vehumet.
 13905 | D:6      | Found an ancient bone altar of Kikubaaqudgha.
 13905 | D:6      | Found a glowing golden altar of the Shining One.
 13905 | D:6      | Found a bloodstained altar of Trog.
 13905 | D:6      | Found a sparkling altar of Nemelex Xobeh.
 14037 | D:6      | Became a worshipper of Vehumet
 14045 | D:6      | Noticed a sky beast
 14216 | D:6      | Killed a sky beast
 14628 | D:6      | Reached XP level 7. HP: 26/27 MP: 7/16
 15780 | D:5      | Reached skill level 1 in Hexes
 15999 | D:5      | Found a runed translucent door.
 16011 | D:5      | Noticed Veterankin's ghost (amateur HOMo)
 17422 | D:5      | Reached skill level 6 in Spellcasting
 18693 | D:6      | Found a staircase to the Ecumenical Temple.
 18762 | D:6      | Reached XP level 8. HP: 31/31 MP: 8/19
 19423 | D:6      | Reached skill level 7 in Spellcasting
 19657 | D:7      | Found Naip's Antique Armour Boutique.
 19868 | D:7      | Reached skill level 5 in Hexes
 20242 | D:7      | Reached skill level 8 in Spellcasting
 20284 | D:7      | Learned a level 4 spell: Summon Lightning Spire
 21810 | D:7      | Noticed Menkaure
 21830 | D:7      | Killed Menkaure
 21831 | D:7      | Reached skill level 9 in Spellcasting
 21831 | D:7      | Reached XP level 9. HP: 32/34 MP: 14/23
 22442 | D:7      | Reached * piety under Vehumet
 22442 | D:7      | Offered knowledge of Foxfire by Vehumet.
 22443 | D:7      | Reached skill level 1 in Air Magic
 25700 | D:8      | Reached skill level 10 in Spellcasting
 26008 | D:8      | Noticed a two-headed ogre
 26025 | D:8      | Slain by a two-headed ogre
 26026 | D:8      | Reached XP level 8. HP: -3/31 MP: 16/23
 26034 | D:8      | Killed a two-headed ogre
 26035 | D:8      | Reached XP level 9. HP: 34/34 MP: 17/24
 26088 | D:8      | Reached skill level 11 in Spellcasting
 26178 | D:8      | Noticed an elephant
 26233 | D:8      | Killed an elephant
 26579 | D:8      | Found a staircase to the Lair.
 27050 | D:9      | Noticed Psyche
 27161 | D:8      | Offered knowledge of Sandblast by Vehumet.
 27453 | Lair:1   | Entered Level 1 of the Lair of Beasts
 27657 | Lair:1   | Reached ** piety under Vehumet
 28215 | Lair:1   | Reached XP level 10. HP: 37/37 MP: 8/26
 28231 | Lair:1   | Reached skill level 12 in Spellcasting
 28529 | Lair:1   | Noticed a cane toad
 28543 | Lair:1   | Killed a cane toad
 29130 | Lair:1   | Noticed a cane toad
 29142 | Lair:1   | Killed a cane toad
 29815 | Lair:1   | Reached skill level 5 in Air Magic
 29895 | Lair:1   | Learned a level 5 spell: Irradiate
 30233 | Lair:1   | Killed by an exploding themself... ignited by their inner
                  | flame
 30234 | Lair:1   | Reached XP level 9. HP: -1/34 MP: 13/26
 30700 | Lair:2   | Noticed a komodo dragon
 30714 | Lair:2   | Reached XP level 10. HP: 37/37 MP: 18/27
 30870 | Lair:2   | Found a hole to the Spider Nest.
 31599 | Lair:2   | Noticed a cane toad
 31606 | Lair:2   | Killed a cane toad
 32383 | Lair:2   | Learned a level 5 spell: Yara's Violent Unravelling
 32549 | D:9      | Killed Psyche
 32550 | D:9      | Reached skill level 13 in Spellcasting
 33366 | D:9      | Found a blossoming altar of Fedhas.
 34681 | D:9      | Found a staircase to the Orcish Mines.
 34688 | D:9      | Noticed a wizard
 34704 | D:9      | Killed a wizard
 34712 | D:9      | Reached XP level 11. HP: 40/40 MP: 11/29
 34718 | D:9      | Offered knowledge of Mephitic Cloud by Vehumet.
 34820 | D:9      | Learned a level 3 spell: Mephitic Cloud
 34938 | D:9      | Noticed a large abomination
 35294 | D:9      | Noticed a large abomination
 35302 | D:9      | Killed a large abomination
 35308 | D:9      | Killed a large abomination
 36149 | D:9      | Identified the +10 dagger of Twilight {vorpal, rF+ Dex+7}
 36257 | Lair:3   | Found a staircase to the Swamp.
 36339 | D:10     | Entered Level 10 of the Dungeon
 36379 | D:10     | Found a stormy altar of Qazlal.
 36523 | D:10     | Noticed a two-headed ogre
 36532 | D:10     | Killed a two-headed ogre
 36680 | D:10     | Reached *** piety under Vehumet
 36783 | D:10     | Reached skill level 14 in Spellcasting
 37354 | D:10     | Noticed a two-headed ogre
 37691 | D:10     | Killed a two-headed ogre
 37692 | D:10     | Reached skill level 10 in Summonings
 38293 | D:10     | Found a sacrificial altar of Ru.
 38321 | D:11     | Noticed a skeletal warrior
 38817 | Lair:3   | Noticed a four-headed hydra
 38825 | Lair:3   | Killed a four-headed hydra
 39025 | Lair:3   | Offered knowledge of Airstrike by Vehumet.
 39320 | Lair:3   | Noticed a seven-headed hydra
 39325 | Lair:3   | Killed a seven-headed hydra
 39326 | Lair:3   | Gained mutation: Your thick and shaggy fur keeps you warm.
                  | (AC +3, rC+) [Felid growth]
 39326 | Lair:3   | Reached XP level 12. HP: 44/44 MP: 17/31
 39327 | Lair:3   | Noticed a five-headed hydra
 39328 | Lair:3   | Noticed a catoblepas
 39415 | Lair:3   | Killed a catoblepas
 39519 | Lair:3   | Found an ornate altar of the Wu Jian Council.
 39553 | Lair:3   | Killed a five-headed hydra
 41158 | Lair:4   | Noticed Sonja
 41190 | Lair:4   | Killed Sonja
 41336 | Lair:4   | Learned a level 4 spell: Passage of Golubria
 41700 | Lair:4   | Noticed a six-headed hydra
 41706 | Lair:4   | Killed a six-headed hydra
 42444 | Lair:4   | Reached skill level 15 in Spellcasting
 42804 | Lair:4   | Found a staircase to the Slime Pits.
 42805 | Lair:4   | Found a viscous altar of Jiyva.
 43110 | Lair:4   | You fall into a shaft and drop 1 floor!
 43110 | Lair:5   | Entered Level 5 of the Lair of Beasts
 43145 | Lair:5   | Identified the +1 scale mail of Bursted Creativity {Regen+
                  | rCorr}
 43282 | Lair:5   | Reached **** piety under Vehumet
 43610 | Lair:5   | Noticed a five-headed hydra
 43618 | Lair:5   | Killed a five-headed hydra
 43637 | Lair:5   | Reached XP level 13. HP: 47/47 MP: 19/33
 43844 | Lair:5   | HP: 2/47 [death yak (25)]
 43851 | Lair:5   | Offered knowledge of Lightning Bolt by Vehumet.
 46259 | Lair:5   | Reached skill level 16 in Spellcasting
 47037 | Lair:5   | Reached skill level 1 in Translocations
 47069 | Lair:5   | Reached skill level 1 in Transmutations
 47268 | Lair:5   | Killed from afar by a lindwurm
 47269 | Lair:5   | Reached XP level 12. HP: -6/44 MP: 29/33
 47521 | Lair:4   | Noticed a four-headed hydra
 47526 | Lair:4   | Killed a four-headed hydra
 48782 | D:11     | Noticed a centaur warrior
 49171 | D:11     | Killed a centaur warrior
 49751 | D:11     | Reached XP level 13. HP: 47/47 MP: 30/34
 50114 | D:11     | HP: 1/47 [white ugly thing (17)]
 50192 | D:11     | Reached ***** piety under Vehumet
 50285 | D:11     | Slain by a manticore
 50286 | D:11     | Reached XP level 12. HP: -4/44 MP: 22/33
 50288 | D:11     | Offered knowledge of Fireball by Vehumet.
 50295 | D:11     | Learned a level 5 spell: Fireball
 50741 | Lair:5   | Killed a death yak
 50761 | Lair:5   | Killed a deep troll shaman
 50969 | Lair:5   | Got the Textbook on Conflict and Flames
 51219 | Orc:1    | Entered Level 1 of the Orcish Mines
 51707 | Orc:1    | You fall into a shaft and drop 1 floor!
 51707 | Orc:2    | Entered Level 2 of the Orcish Mines
 51709 | Orc:2    | Noticed a centaur warrior
 51721 | Orc:2    | Noticed an orc high priest
 52312 | Orc:1    | Found Qeor's Vocational Training.
 53313 | Orc:2    | Shot with an arrow by a centaur warrior

Illustrated notes

Levels and vault maps discovered:
D:1:      dpeg_arrival_pits, layout_basic, dilly_ecumenical_altar_fadedgnrine
D:2:      layout_basic, minmay_ruptured, uniq_crazy_yiuf_cottage
D:3:      layout_loops_corners, minmay_circle_x
D:4:      layout_loops_corners, yredelemnul_altar_generic, minmay_door_square
D:5:      layout_cave_pools, ebering_ghost_sewer_d,
          corexii_item_surrounded_by_moat
D:6:      layout_rooms, nicolae_overflows_in_rows, minmay_temple_entry_tees
D:7:      lemuel_ratsnest, layout_basic, nicolae_take_the_stairs, uniq_menkaure
D:8:      layout_rooms, david_lair_generic
D:9:      layout_rooms, fedhas_altar_2, orc_0_dummy, laboratory, uniq_psyche
D:10:     nicolae_cairo_tiling_large, layout_basic,
          mainiacjoe_overflow_six_doors_small, mainiacjoe_overflow_catwalk
D:11:     hangedman_what_comes_after_a, layout_loops_ring,
          chequers_serial_rivers_marsh
Lair:1:   layout_cave_pods, serial_bayou_shore_b, lemuel_fruit_tree,
          grunt_megastairs_3
Lair:2:   layout_hall_layers, spider_nest_entry_webs
Lair:3:   layout_hall_layers, swamp_mist, enter_volcano_1, basic_altar,
          grunt_megastairs_5
Lair:4:   layout_regular_city, slime_entry_1, serial_forest,
          infiniplex_forest_clump_diagonal, infiniplex_forest_clump_diagonal,
          infiniplex_forest_clump_cross, infiniplex_forest_straight_1,
          infiniplex_forest_clump_cross, infiniplex_forest_clump_small,
          infiniplex_forest_join, uniq_sonja
Lair:5:   grunt_lair_end_beastmaster, layout_gridlike, serial_bayou_lagoon_b,
          serial_bayou_shore_b, grunt_megastairs_4
Orc:1:    layout_diamond_mine, nicolae_shop_vocational
Orc:2:    st_orc_rangers, layout_diamond_mine, special_room

Skill      XL: |  1  2  3  4  5  6  7  8  9 10 11 12 13 |
---------------+----------------------------------------+-----
Spellcasting   | 3 4 5 6 9 11 13 14 15 16 | 16.6
Stealth        | 3 |  3.2
Summonings     | 5 6 9 10 12 13 | 13.5
Dodging        | 3 |  3.2
Hexes          | 4 6 7 |  7.8
Air Magic      | 3 4 6 7 8 9 |  9.4
Translocations | 4 2 |  4.2
Transmutations | 3 1 |  3.0
Conjurations   | |  0.5

Action                   |  1- 3 |  4- 6 |  7- 9 | 10-12 | 13-15 || total
-------------------------+-------+-------+-------+-------+-------++-------
Melee: Unarmed           |     1 |     1 |     1 |     1 |     2 ||     6
       Bite              |       |       |       |       |     2 ||     2
 Cast: Summon Small Mamm |   134 |   118 |   118 |   157 |    55 ||   582
       Call Canine Famil |       |    18 |   100 |    89 |    34 ||   241
       Summon Guardian G |       |       |    33 |    52 |    22 ||   107
       Summon Lightning  |       |       |     9 |   100 |    35 ||   144
       Mephitic Cloud    |       |       |       |     5 |     3 ||     8
       Irradiate         |       |       |       |     4 |       ||     4
       Passage of Golubr |       |       |       |     3 |     1 ||     4
       Yara's Violent Un |       |       |       |       |     2 ||     2
Evoke: Wand              |       |       |       |     4 |       ||     4
  Use: Potion            |     1 |     1 |     2 |     5 |     2 ||    11
       Scroll            |       |     8 |     6 |     7 |     3 ||    24
Armor: Skin              |     5 |    13 |    31 |    12 |     6 ||    67
Dodge: Dodged            |    53 |    81 |   212 |   258 |   107 ||   711

Table legend: (Time is in decaauts)
 A = Elapsed time spent in this place.
 B = Non-inter-level travel time spent in this place.
 C = Inter-level travel time spent in this place.
 D = Time resting spent in this place.
 E = Time spent auto-exploring this place.
 F = Levels seen in this place.
 G = Mean time per level.
                   A        B        C        D        E       F      G
               +--------+--------+--------+--------+--------+-----+--------+
         Total |  50413 |  48778 |   1635 |  33962 |   6843 |  18 | 2800.7 |
       Dungeon |  33415 |  32221 |   1194 |  22402 |   4591 |  11 | 3037.7 |
          Lair |  14995 |  14555 |    440 |  10144 |   2138 |   5 | 2999.0 |
  Orcish Mines |   2001 |   2001 |      0 |   1415 |    112 |   2 | 1000.5 |
               +--------+--------+--------+--------+--------+-----+--------+

Top non-repeatable levels by time:
     D:1: 5391 daAuts
     D:7: 5018 daAuts
  Lair:5: 4730 daAuts
     D:5: 4687 daAuts
  Lair:4: 3453 daAuts
     D:8: 3420 daAuts
     D:4: 3070 daAuts
  Lair:1: 2931 daAuts
     D:9: 2787 daAuts
  Lair:2: 2082 daAuts
     D:6: 1974 daAuts
    D:10: 1927 daAuts
  Lair:3: 1798 daAuts
    D:11: 1744 daAuts
     D:3: 1733 daAuts
